AoeStats
← Pwncakes

Nomad

509145771Analyzed
3v3 RM · 6d ago on Sep 25, 2026· 35m 57s· 6 players
Game mode
Random Map
Map size
210×210
Population
200
Speed
Normal
Resources
Standard
Victory
Conquest
Starting age
Dark Age
Ending age
Imperial Age
RankedLock teamsTeams togetherTeam positionsShared explorationLock speedFull tech treeHidden civsTurbo modeCheats
Victory
Defeat
🇪🇸 Hindustanis · Spain
1549
+11
🇨🇭 Burmese · Switzerland
1487
+14
🇭🇺 Malay · Hungary
1479
+14
🇺🇸 Goths · United States
1460
-14
🇨🇴 Georgians · Colombia
1433
-13
🇹🇼 Berbers · Taiwan
1414
-12
PZ|NagyGeri1
4:06 Loom
14:39 Feudal Age
17:59 Fishing Lines
20:33 Castle Age
19:32 Double-Bit Axe
20:25 Bow Saw
22:00 Horse Collar
23:18 Wheelbarrow
22:28 Town Watch
25:59 Fletching
30:46 Hand Cart
34:17 Heavy Plow
34:59 Medium Warships
36:01 Gold Mining
pascal sauvage
5:19 Loom
12:43 Feudal Age
16:57 Castle Age
17:47 Gold Mining
27:40 Horse Collar
30:37 Wheelbarrow
32:59 Padded Archer Armor
37:46 Imperial Age
36:16 Medium Warships
36:41 Hand Cart
36:28 Heavy Plow
winstonx9
6:07 Loom
13:36 Feudal Age
14:11 Double-Bit Axe
14:22 Town Watch
14:29 Fishing Lines
16:17 Horse Collar
22:39 Castle Age
20:37 Stone Mining
21:13 Gold Mining
22:20 Scale Mail Armor
23:03 Forging
25:45 Bow Saw
29:41 Scale Barding Armor
29:52 Heavy Plow
33:06 Devotion
34:20 Bloodlines
34:14 Husbandry
35:20 Chain Barding Armor
36:17 Wheelbarrow
35:57 Bloodlines
Pwncakes
9:01 Loom
13:47 Feudal Age
14:17 Double-Bit Axe
14:14 Fishing Lines
17:59 Forging
17:23 Man-at-Arms
20:16 Castle Age
19:21 Fletching
21:10 Bodkin Arrow
22:20 Murder Holes
24:04 Bow Saw
yhoneyder.delrio
5:14 Loom
13:07 Feudal Age
13:39 Double-Bit Axe
17:52 Gold Mining
18:39 Scale Barding Armor
21:24 Castle Age
19:43 Forging
22:29 Bloodlines
22:19 Husbandry
21:52 Light Cavalry
23:22 Husbandry
28:09 Fletching
28:54 Bodkin Arrow
飛衫走奶
3:51 Loom
13:10 Feudal Age
17:10 Castle Age
18:29 Double-Bit Axe
22:56 Bloodlines
28:58 Forging
29:31 Scale Barding Armor
30:09 Fletching
32:47 Bodkin Arrow
33:03 Bow Saw
32:35 Horse Collar
Connection lost

Rejoining the realm…

Still unreachable

The connection could not be restored.

Session expired

The server has moved on; the page needs a fresh start.